 Dungeon Crawl Stone Soup version 0.31.0-32-g396128a36d (webtiles) character file.

Game seed: 16360988943669540593

2501 monsoonserge the Grappler (level 9, 0/65 (68) HPs)
             Began as a Gnoll Shapeshifter on Apr 3, 2024.
             Was an Initiate of Ru.
             Slain by a wight
             ... wielding a +3 great sword
              (1 damage)
             ... on level 8 of the Dungeon.
             The game lasted 00:17:39 (5946 turns).

monsoonserge the Grappler (Gnoll Shapeshifter)      Turns: 5946, Time: 00:17:39

HP:   0/65 (68)     AC:  9    Str: 17    XL:     9   Next: 53%
MP:   15/15         EV:  9    Int: 17    God:    Ru [......]
Gold: 355           SH:  0    Dex: 11    Spells: 17/17 levels left

rFire   . . .        j - +9 long sword of Xom's Esteem {drain, rN+}
rCold   + . .        (no shield)
rNeg    + . .        J - +0 chain mail
rPois   .            (helmet currently unavailable)
rElec   .            (cloak currently unavailable)
rCorr   .            g - melded +0 pair of gloves
SInv    .            (boots currently unavailable)
Will    .....        r - amulet of magic regeneration Stlth
                     h - ring of protection from cold
HPRegen 0.30/turn    n - +6 ring of intelligence
MPRegen 0.54/turn

%: no passive effects
@: beast-form, lightly drained
A: beast (slay +4), fangs 1, strong nose, distributed training
a: Begin Untransformation, Renounce Religion


You were on level 8 of the Dungeon.
You worshipped Ru.
Ru was noncommittal.
You were a hulking beast.
You visited 1 branch of the dungeon, and saw 8 of its levels.

You collected 355 gold pieces.

Inventory:

Hand Weapons
 j - the +9 long sword of Xom's Esteem (weapon) {drain, rN+}
   (You found it on level 5 of the Dungeon)

   rN+:       It protects you from negative energy.
Missiles
 B - 6 datura-tipped darts (quivered)
 G - a throwing net
Armour
 a - a +0 animal skin
 e - a +0 ring mail
 g - a +0 pair of gloves (melded)
 s - a +0 pair of gloves
 y - a +0 robe of fire resistance
 D - a +0 pair of boots
 J - a +0 chain mail (worn)
Magical Staves
 q - a staff of fire
Jewellery
 h - a ring of protection from cold (left hand)
 n - a +6 ring of intelligence (right hand)
 r - an amulet of magic regeneration (around neck)
Talismans
 c - a beast talisman (active)
 d - a flux talisman
 k - a serpent talisman
Wands
 v - a wand of quicksilver (10)
 I - a wand of charming (6)
Scrolls
 f - a scroll of fog
 i - 2 scrolls of teleportation
 m - a scroll of amnesia {unknown}
 x - 2 scrolls of poison {unknown}
 C - a scroll of summoning {unknown}
 F - a scroll of blinking {unknown}
 K - a scroll of silence {unknown}
Potions
 b - a potion of lignification
 l - 2 potions of attraction
 o - a potion of cancellation {unknown}
 p - 4 potions of curing {unknown}
 t - a potion of invisibility {unknown}
 u - 3 potions of ambrosia {unknown}
 w - a potion of enlightenment {unknown}
 z - a potion of haste {unknown}
 A - a potion of heal wounds {unknown}
 E - a potion of degeneration {unknown}
 H - a potion of berserk rage {unknown}


   Skills:
 + Level 5.2 Fighting
 + Level 4.5 Short Blades
 + Level 4.5 Long Blades
 + Level 4.5 Axes
 + Level 4.5 Maces & Flails
 + Level 4.5 Polearms
 + Level 4.5 Staves
 + Level 4.5 Ranged Weapons
 + Level 4.5 Throwing
 + Level 4.5 Armour
 + Level 6.5 Dodging
 + Level 4.5 Stealth
 + Level 4.5 Shields
 + Level 8.0 Unarmed Combat
 + Level 4.5 Spellcasting
 + Level 3.7 Conjurations
 + Level 3.7 Hexes
 + Level 3.7 Summonings
 + Level 3.7 Necromancy
 + Level 3.7 Translocations
 + Level 3.7 Fire Magic
 + Level 3.7 Ice Magic
 + Level 3.7 Air Magic
 + Level 3.7 Earth Magic
 + Level 3.7 Alchemy
 + Level 5.0 Invocations
 + Level 4.5 Evocations
 + Level 7.8 Shapeshifting


You had 17 spell levels left.
You didn't know any spells.
Your spell library contained the following spells:

 Spells                   Type           Power      Damage    Failure   Level
 Ensorcelled Hibernation  Hex/Ice        32%        N/A       43%         2
 Passwall                 Erth           16%        N/A       67%         3
 Swiftness                Air            16%        N/A       67%         3
 Tukima's Dance           Hex            16%        N/A       67%         3
 Passage of Golubria      Tloc           16%        N/A       97%         4
 Yara's Violent Unravell  Hex/Alch       8%         3d5       100%        5


Dungeon Overview and Level Annotations

Branches:
Dungeon (8/15)
 Temple: D:4-7         Lair: D:8-11

Altars:
Ru

Shops:
D:4 (

Annotations:
D:7 Joseph, Maggie, Maurice


Innate Abilities, Weirdness & Mutations

You are a hulking beast.
Your limbs bulge with bestial killing power. (Slay +4)
You have very sharp teeth.
Your uncanny sense of smell can sniff out nearby items.
Your experience applies equally to all skills.


Message History

The wight is moderately damaged.
The wight hits you but does no damage.
You barely miss the wight.
The wight is moderately damaged.
The wight hits you but does no damage. The wight closely misses you.
You slash the wight!
You destroy the wight!
Things that are here:
8 gold pieces; a +1 battleaxe of freezing; a +0 robe You hit the wight but do no damage.
The wight barely misses you.
You slash the wight!
The wight is severely damaged.
The wight hits you but does no damage. x2
You closely miss the wight. You punch the wight.
The wight is almost destroyed.
The wight hits you with a +1 short sword.
You partially resist.
You feel drained.
The wight hits you with a +3 great sword.
You partially resist.
You feel drained.
The wight hits you with a +1 short sword.
You slash the wight!
You destroy the wight!
The wight hits you with a +3 great sword! x2
Your Invocations skill increases to level 5!
Unknown command.
You closely miss the wight.
The wight hits you with a +3 great sword.
You hit the wight. You bite the wight.
The wight is moderately damaged.
The wight completely misses you.
You closely miss the wight. You bite the wight, but do no damage.
The wight is moderately damaged.
The wight hits you with a +3 great sword!
* * * LOW HITPOINT WARNING * * *
You hit the wight.
The wight is heavily damaged.
The wight hits you with a +3 great sword!!
* * * LOW HITPOINT WARNING * * *
You partially resist.
You feel drained.
You die...

∆ #............# #.....#
#####........##
####.....# #......<..#
##......... #.........#
#..........
#.........####..........
#.................#.##..
#........#####...)'.# ..
#.....)z.# #....### ..
#......h.# #....# #
#........# #....#
########## #....# #....#
###...


You could see a wight.

Vanquished Creatures
  Prince Ribbit (D:8)
  Grum (D:8)
  Edmund (D:5)
  Duvessa (D:4)
  An ice beast (D:5)
  3 ogres
  4 wolves (D:8)
  A phantom (D:6)
  A gnoll sergeant (D:6)
  A scorpion (D:4)
  5 wights (D:8)
  Dowan (D:4)
  2 bombardier beetles
  3 orc priests
  2 hounds
  A sleepcap (D:4)
  Jessica (D:3)
  3 iguanas (D:4)
  Natasha (twice) (D:3)
  4 orc wizards
  11 adders
  6 gnolls
  4 shadow imps
  A white imp (D:8)
  3 dart slugs
  2 ribbon worms (D:4)
  22 orcs
  7 endoplasms
  3 giant cockroaches
  2 goblins
  5 hobgoblins
  4 jackals
  7 quokkas
  8 ball pythons
  2 bats (D:3)
  5 frilled lizards
  15 kobolds
  5 rats
151 creatures vanquished.

Notes
Turn   | Place    | Note
-------+----------+-------------------------------------------
     0 | D:1      | monsoonserge the Gnoll Shapeshifter began the quest for the
                  | Orb.
     0 | D:1      | Reached XP level 1. HP: 17/17 MP: 1/1
   297 | D:1      | Reached XP level 2. HP: 21/23 MP: 2/2
   901 | D:2      | Reached XP level 3. HP: 28/28 MP: 3/3
  1016 | D:2      | You fall into a shaft and drop 2 floors!
  1029 | D:4      | Found Cuas's Antique Weapon Shoppe.
  1085 | D:4      | Reached skill level 1 in Short Blades
  1085 | D:4      | Reached skill level 1 in Long Blades
  1085 | D:4      | Reached skill level 1 in Axes
  1085 | D:4      | Reached skill level 1 in Maces & Flails
  1085 | D:4      | Reached skill level 1 in Polearms
  1085 | D:4      | Reached skill level 1 in Staves
  1085 | D:4      | Reached skill level 1 in Ranged Weapons
  1085 | D:4      | Reached skill level 1 in Throwing
  1085 | D:4      | Reached skill level 1 in Armour
  1085 | D:4      | Reached skill level 1 in Stealth
  1085 | D:4      | Reached skill level 1 in Shields
  1085 | D:4      | Reached skill level 1 in Spellcasting
  1085 | D:4      | Reached skill level 1 in Invocations
  1085 | D:4      | Reached skill level 1 in Evocations
  1085 | D:4      | Reached XP level 4. HP: 31/34 MP: 5/5
  1086 | D:4      | Noticed an ogre
  1110 | D:5      | Entered Level 5 of the Dungeon
  1129 | D:5      | Reached skill level 1 in Conjurations
  1129 | D:5      | Reached skill level 1 in Hexes
  1129 | D:5      | Reached skill level 1 in Summonings
  1129 | D:5      | Reached skill level 1 in Necromancy
  1129 | D:5      | Reached skill level 1 in Translocations
  1129 | D:5      | Reached skill level 1 in Fire Magic
  1129 | D:5      | Reached skill level 1 in Ice Magic
  1129 | D:5      | Reached skill level 1 in Air Magic
  1129 | D:5      | Reached skill level 1 in Earth Magic
  1129 | D:5      | Reached skill level 1 in Alchemy
  1151 | D:5      | Identified the +9 long sword of Xom's Esteem {drain, rN+}
  1196 | D:5      | Noticed an ice beast
  1247 | D:5      | Killed an ice beast
  1248 | D:5      | Reached XP level 5. HP: 41/41 MP: 5/7
  1308 | D:4      | Reached XP level 6. HP: 23/47 MP: 8/8
  1333 | D:4      | Reached skill level 5 in Dodging
  2361 | D:3      | Identified the +5 spear "Loicuodgh" {heavy, rN+ Will+++
                  | Dex+3 Stlth-}
  2390 | D:3      | Reached skill level 7 in Unarmed Combat
  2390 | D:3      | Reached XP level 7. HP: 52/52 MP: 10/10
  2494 | D:3      | Noticed Jessica
  2504 | D:3      | Killed Jessica
  2854 | D:3      | Noticed Natasha
  2867 | D:3      | Killed Natasha
  3072 | D:3      | Noticed Natasha
  3079 | D:3      | Killed Natasha
  3437 | D:4      | Found a sacrificial altar of Ru.
  3442 | D:4      | Became a worshipper of Ru the Awakened
  3725 | D:4      | Noticed Dowan
  3726 | D:4      | Noticed Duvessa
  3731 | D:4      | Killed Dowan
  3737 | D:4      | Killed Duvessa
  3738 | D:4      | Reached XP level 8. HP: 25/60 MP: 12/12
  4656 | D:5      | Noticed Edmund
  4664 | D:5      | Killed Edmund
  5250 | D:7      | Noticed Maggie
  5355 | D:7      | Noticed Maurice
  5358 | D:7      | Noticed Joseph
  5527 | D:8      | Reached XP level 9. HP: 44/66 MP: 14/14
  5728 | D:8      | Noticed Grum
  5741 | D:8      | Killed Grum
  5742 | D:8      | Reached skill level 5 in Fighting
  5772 | D:8      | Noticed Prince Ribbit
  5866 | D:8      | Killed Prince Ribbit
  5867 | D:8      | Reached skill level 8 in Unarmed Combat
  5943 | D:8      | Reached skill level 5 in Invocations
  5946 | D:8      | HP: 1/67 [wight/+3 great sword (19)]
  5946 | D:8      | Slain by a wight

Illustrated notes

Levels and vault maps discovered:
D:1:      minmay_arrival_widening_spiral_wide, layout_basic
D:2:      layout_basic, minivault_5, st_stairs_11
D:3:      cheibrodos_pilgrimage, layout_loops_ring, minmay_misc_feat_roman,
          lexackson_kobold_supper, uniq_jessica, uniq_natasha
D:4:      minmay_bubble_buster, layout_loops_cross, hangedman_ru_absence,
          serial_shops, shop, kennysheep_small_circle, uniq_duvessa
D:5:      layout_loops_corners, uniq_edmund
D:6:      layout_rooms
D:7:      layout_basic, minmay_temple_entry_proselytizer, minmay_puff,
          uniq_maurice, uniq_maggie, uniq_joseph
D:8:      layout_basic, nicolae_hepliaklqana_ecumenical_no_more, serial_demonic,
          serial_demonic_b, serial_demonic_g, serial_demonic_e,
          serial_demonic_g, serial_bayou_ford_a, uniq_grum, uniq_prince_ribbit1

Skill      XL: |  1  2  3  4  5  6  7  8  9 |
---------------+----------------------------+-----
Short Blades   | 1 2 3 4 |  4.5
Long Blades    | 1 2 3 4 |  4.5
Axes           | 1 2 3 4 |  4.5
Maces & Flails | 1 2 3 4 |  4.5
Polearms       | 1 2 3 4 |  4.5
Staves         | 1 2 3 4 |  4.5
Ranged Weapons | 1 2 3 4 |  4.5
Throwing       | 1 2 3 4 |  4.5
Armour         | 1 2 3 4 |  4.5
Stealth        | 1 2 3 4 |  4.5
Shields        | 1 2 3 4 |  4.5
Spellcasting   | 1 2 3 4 |  4.5
Invocations    | 1 2 3 4 5 |  5.0
Evocations     | 1 2 3 4 |  4.5
Conjurations   | 1 2 3 |  3.7
Hexes          | 1 2 3 |  3.7
Summonings     | 1 2 3 |  3.7
Necromancy     | 1 2 3 |  3.7
Translocations | 1 2 3 |  3.7
Fire Magic     | 1 2 3 |  3.7
Ice Magic      | 1 2 3 |  3.7
Air Magic      | 1 2 3 |  3.7
Earth Magic    | 1 2 3 |  3.7
Alchemy        | 1 2 3 |  3.7
Fighting       | 3 4 5 |  5.2
Dodging        | 5 6 |  6.5
Unarmed Combat | 7 8 |  8.0
Shapeshifting  | 7 |  7.8

Action                     |  1- 3 |  4- 6 |  7- 9 || total
---------------------------+-------+-------+-------++-------
  Melee: Unarmed           |    47 |    11 |       ||    58
         Bite              |     5 |     7 |    15 ||    27
         Punch             |     2 |     1 |     7 ||    10
         Long sword        |       |    60 |   211 ||   271
 Invoke: Reject Sacrifices |       |       |     1 ||     1
  Evoke: Wand              |       |       |     3 ||     3
    Use: Scroll            |     2 |       |     2 ||     4
   Stab: Sleeping          |       |       |     1 ||     1
 Armour: Ring mail         |     9 |    38 |   104 ||   151
         Animal skin       |     4 |       |       ||     4
         Skin              |     4 |     1 |       ||     5
         Chain mail        |       |       |    34 ||    34
  Dodge: Dodged            |    26 |    37 |   115 ||   178
   Form: Flux              |     3 |       |       ||     3
         Beast             |     2 |     1 |       ||     3
